 Dungeon Crawl Stone Soup version 0.18-a0-1-gfac8111 (webtiles) character file.

30 kae the Firebug (level 3, -5/19 HPs)
             Began as a Deep Elf Fire Elementalist on Oct 30, 2015.
             Killed from afar by Natasha (8 damage)
             ... with a magic dart
             ... on level 2 of the Dungeon.
             The game lasted 00:01:23 (1090 turns).

kae the Firebug (Deep Elf Fire Elementalist)        Turns: 1090, Time: 00:01:24

Health: -5/19      AC:  3    Str:  5    XL:     3   Next: 3%
Magic:  7/9        EV: 18    Int: 25    God:
Gold:   86         SH:  0    Dex: 20    Spells: 1 memorised, 7 levels left

rFire  . . .     SeeInvis .     (no weapon)
rCold  . . .     Clarity  .     a - +0 robe
rNeg   . . .     SustAt   .     (no shield)
rPois  .         Gourm    .     (no helmet)
rElec  .         Spirit   .     (no cloak)
rCorr  .         Warding  .     k - +0 pair of gloves
rMut   .         Stasis   .     (no boots)
MR     .....                    (no amulet)
Stlth  ++........               (no ring)
                                (no ring)

@: confused, brilliant, agile, slowed, very slow, not resistant to hostile
enchantments, unstealthy
A: no striking features
a: no special abilities


You were on level 2 of the Dungeon.
You were hungry.

You visited 1 branch of the dungeon, and saw 2 of its levels.

You collected 86 gold pieces.

Inventory:

Armour
 a - a +0 robe (worn)
 k - a +0 pair of gloves (worn)
Scrolls
 e - a scroll of blinking {unknown}
 i - a scroll of teleportation
 l - a scroll of enchant weapon
 m - a scroll of amnesia {unknown}
Potions
 g - a potion of might
Books
 b - a book of Flames

   Spells                             Type                      Level
   a - Flame Tongue                   Conjuration/Fire             1
   b - Throw Flame                    Conjuration/Fire             2
   c - Conjure Flame                  Conjuration/Fire             3
   d - Inner Flame                    Hexes/Fire                   3
   e - Sticky Flame                   Conjuration/Fire             4
   f - Fireball                       Conjuration/Fire             5
Comestibles
 c - a bread ration
 d - a beef jerky
 f - 2 fruits


   Skills:
 - Level 2.4 Dodging
 - Level 2.4 Stealth
 - Level 3.0 Spellcasting
 + Level 2.4 Conjurations
 + Level 4.0 Fire Magic


You had 7 spell levels left.
You knew the following spells:

 Your Spells              Type           Power        Failure   Level  Hunger
a - Flame Tongue          Conj/Fire      ####.        1%          1    None


Dungeon Overview and Level Annotations

Branches:
Dungeon (2/15)

Altars:
Elyvilon

Annotations:
D:2 Natasha, Terence


Message History

You barely miss Natasha. Natasha casts a spell at you.
You resist with some effort.
You barely miss Natasha. Natasha barely misses you.
Natasha completely misses you.
You are feeling hungry.
Natasha claws you.
You hit Natasha but do no damage.
Natasha zaps a wand.
You are more confused.
You bump into the rock wall.
Natasha claws you but does no damage.
Natasha zaps a wand.
You resist with some effort.
You're too confused to move!
Natasha zaps a wand.
You resist with some effort.
Drink which item? (? for menu, Esc to quit)
You feel clever all of a sudden. Natasha casts a spell at you.
The magic dart hits you!
* * * LOW HITPOINT WARNING * * *
Natasha casts a spell at you. The magic dart hits you!
You die...

......###......
#####............
.................
######.......).... #.....
#.......####...... #...S.
#.###...# #...... #...^.
#.###.######...... #.....
#.#.......)†...... #..h..
#@#.#...########## #.....
#h#.#......#.#####
##.....##.#.#..##.##......
.>........#.#........# ##
##.....####.##.##.#..#
#..... #.##.#..#..# #.....
#.##.#.....# ######
#.##)####.###### #.##.#
#.......


You could see Natasha.

Vanquished Creatures
  An adder (D:2)
  2 hobgoblins
  3 kobolds (D:1)
  5 bats (D:1)
  3 giant cockroaches
  2 giant newts
  2 goblins (D:1)
  3 rats (D:1)
21 creatures vanquished.

Notes
Turn   | Place    | Note
--------------------------------------------------------------
     0 | D:1      | kae the Deep Elf Fire Elementalist began the quest for the Orb.
     0 | D:1      | Reached XP level 1. HP: 10/10 MP: 6/6
   173 | D:1      | Reached XP level 2. HP: 12/15 MP: 4/8
   797 | D:2      | Noticed Terence
   853 | D:2      | Found a white marble altar of Elyvilon.
  1075 | D:2      | Noticed Natasha
  1083 | D:2      | Reached skill level 4 in Fire Magic
  1083 | D:2      | Reached XP level 3. HP: 10/19 MP: 6/9
  1090 | D:2      | Killed from afar by Natasha

Vault maps used:
D:1:      scummos_arrival_hexagon
D:2:      elyvilon_altar_5, uniq_terence, uniq_natasha

Action                   || total
-------------------------++-------
Melee: Unarmed           ||    41
 Cast: Flame Tongue      ||    31
  Use: Scroll            ||     5
       Potion            ||     2
